Map: Echo LE (Void)

Players

Matiz - Winner!

  • Race: Zerg Zerg
  • League: Master

Nedi - Winner!

  • Race: Zerg Zerg
  • League: Master

BluE

  • Race: Protoss Protoss
  • League: Master

AnDreJOO

  • Race: Protoss Protoss
  • League: Master

VOD

Have the link to the VOD?

Description

Time

  • Played on: Nov. 26, 2016, 11:27 a.m.
  • Length: 9:04
Show
View Real Time Build Order
Export as new Build Order

Matiz Zerg - Winner!

Build Orders: Hatch First 

Get SALT Encoding   

  12  0:01  Drone  
  13  0:11  Drone  
  14  0:15  Extractor  
  14  0:16  Drone  
  15  0:27  Overlord  
  15  0:47  Hatchery  
  15  0:48  Drone  
  15  0:52  Drone  
  15  0:55  Drone  
  17  1:04  Drone  
  18  1:14  Spawning Pool  
  18  1:17  Drone  
  18  1:18  Extractor  
  17  1:23  Drone  
  18  1:44  Drone  
  18  1:45  Hatchery  
  18  1:48  Drone  
  19  1:55  Drone  
  19  1:59  Drone  
  21  2:03  Queen  
  21  2:07  Drone  
  24  2:16  Queen  
  26  2:23  Overlord  
  26  2:28  Drone x2  
  28  2:37  Metabolic Boost  
  28  2:41  Zergling x4  
  28  2:42  Zergling x2  
  31  2:44  Drone  
  32  2:54  Zergling x2, Overlord  
  32  2:58  Drone x2  
  35  3:05  Overlord  
  35  3:12  Overlord  
  35  3:14  Queen  
  35  3:17  Drone x2  
  35  3:18  Drone  
  40  3:20  Drone  
  40  3:26  Drone x3  
  44  3:29  Drone  
  44  3:33  Drone x2  
  47  3:41  Spore Crawler  
  47  3:44  Drone  
  47  3:45  Drone x3  
  49  3:52  Roach Warren, Extractor  
  47  3:57  Lair  
  47  4:06  Drone x2  
  47  4:08  Overlord  
  49  4:17  Spore Crawler  
  49  4:18  Drone x2  
  49  4:19  Drone  
  49  4:20  Overlord  
  51  4:26  Overlord  
  51  4:33  Roach x6  
  51  4:35  Overlord  
  51  4:37  Extractor  
  51  4:38  Roach  
  64  4:42  Roach x2  
  68  4:51  Roach x2  
  72  4:54  Spore Crawler  
  72  4:56  Queen  
  72  4:59  Drone x3  
  75  5:08  Glial Reconstitution  
  75  5:09  Drone x2  
  75  5:10  Drone x3  
  80  5:19  Drone x2  
  80  5:20  Overlord x2  
  82  5:23  Roach  
  83  5:30  Roach x3  
  83  5:31  Extractor  
  88  5:40  Roach x4  
  93  5:46  Overlord  
  91  5:51  Roach  
  91  5:52  Roach x3  
  99  5:57  Overlord x2  
  99  6:04  Overlord  
  99  6:11  Overlord  
  97  6:13  Roach x3  
  97  6:14  Roach  
  104  6:20  Overlord  
  104  6:25  Roach x3  
  110  6:26  Roach x2  
  110  6:30  Overseer  
  110  6:32  Overlord  
  114  6:35  Zergling x6  
  114  6:36  Zergling x4  
  119  6:41  Queen  
  119  6:43  Ravager x3  
  119  6:45  Zergling x2  
  119  6:46  Zergling x2  
  126  6:48  Zergling x2  
  126  6:52  Ravager  
  126  6:56  Ravager  
  126  6:57  Zergling x6, Roach  
  126  6:58  Zergling x2  
  114  7:12  Roach  
  114  7:13  Roach x4  
  114  7:14  Zergling x2  
  114  7:15  Zergling x4  
  99  7:27  Zergling x4, Roach x4  
  108  7:33  Ravager  
  104  7:39  Zergling x8, Roach x2  
  111  7:48  Overseer  
  108  7:54  Zergling x4, Roach x4  
  106  8:04  Zergling x14  
  100  8:12  Zergling x4  
  100  8:13  Zergling x2  
  100  8:17  Roach  
  97  8:23  Roach  
  97  8:24  Roach x3  
  102  8:30  Zergling x2, Roach x2  
  100  8:42  Roach  
  100  8:43  Roach x3  
Show
View Real Time Build Order
Export as new Build Order

Nedi Zerg - Winner!

Build Orders:  

Get SALT Encoding   

  12  0:00  Probe (Chrono Boost)  
  13  0:11  Probe (Chrono Boost)  
  14  0:18  Pylon  
  14  0:22  Probe (Chrono Boost)  
  15  0:37  Probe (Chrono Boost)  
  15  0:40  Gateway  
  16  0:43  Assimilator  
  16  0:47  Probe (Chrono Boost)  
  17  0:58  Probe (Chrono Boost)  
  18  1:08  Probe (Chrono Boost)  
  19  1:23  Nexus  
  19  1:26  Probe (Chrono Boost)  
  20  1:35  Cybernetics Core  
  20  1:38  Probe (Chrono Boost)  
  21  1:43  Assimilator  
  21  1:49  Probe (Chrono Boost)  
  22  1:54  Pylon  
  22  1:59  Probe (Chrono Boost)  
  23  2:08  Stalker  
  23  2:14  Probe (Chrono Boost), Warp Gate  
  26  2:26  Probe (Chrono Boost)  
  27  2:36  Mothership Core (Chrono Boost)  
  30  2:37  Probe (Chrono Boost)  
  30  2:38  Zealot  
  32  2:48  Probe (Chrono Boost)  
  32  2:50  Twilight Council  
  33  2:54  Probe (Chrono Boost)  
  35  2:58  Probe (Chrono Boost)  
  35  3:05  Probe (Chrono Boost)  
  36  3:07  Robotics Facility  
  36  3:09  Probe (Chrono Boost)  
  37  3:15  Probe (Chrono Boost)  
  37  3:19  Probe (Chrono Boost)  
  39  3:26  Probe (Chrono Boost)  
  40  3:30  Probe (Chrono Boost)  
  41  3:34  Dark Shrine  
  41  3:36  Probe (Chrono Boost)  
  41  3:40  Probe (Chrono Boost), Gateway  
  43  3:43  Gateway  
  43  3:50  Gateway  
  43  3:53  Probe (Chrono Boost)  
  43  3:54  Warp Prism  
  46  4:03  Pylon  
  46  4:09  Assimilator  
  46  4:11  Assimilator  
  46  4:19  Pylon  
  46  4:21  Probe (Chrono Boost)  
  46  4:23  Probe (Chrono Boost)  
  48  4:29  Pylon  
  48  4:32  Probe (Chrono Boost)  
  48  4:35  Probe (Chrono Boost)  
  50  4:42  Probe (Chrono Boost)  
  51  4:48  Dark Templar x3  
  57  4:53  Dark Templar  
  59  5:03  Probe (Chrono Boost)  
  59  5:04  Probe (Chrono Boost), Nexus  
  59  5:05  Pylon  
  61  5:08  Archon  
  61  5:09  Archon  
  62  5:14  Probe (Chrono Boost)  
  62  5:21  Probe (Chrono Boost)  
  62  5:22  Gateway  
  62  5:23  Gateway  
  62  5:25  Sentry  
  62  5:26  Pylon, Sentry x2  
  68  5:30  Probe (Chrono Boost)  
  68  5:35  Probe (Chrono Boost)  
  70  5:39  Pylon  
  70  5:47  Robotics Bay  
  71  5:51  Probe (Chrono Boost), Gateway  
  71  5:54  Probe (Chrono Boost), Gateway  
  72  6:03  Probe (Chrono Boost)  
  73  6:04  Probe (Chrono Boost)  
  73  6:07  Stalker x2  
  78  6:15  Probe x2 (Chrono Boost)  
  78  6:16  Probe (Chrono Boost)  
  78  6:17  Adept  
  83  6:23  Robotics Facility  
  84  6:25  Probe (Chrono Boost)  
  84  6:28  Probe (Chrono Boost)  
  84  6:29  Disruptor  
  84  6:31  Pylon  
  85  6:36  Pylon  
  88  6:42  Stalker x2  
  92  6:48  Dark Templar  
  92  6:51  Assimilator  
  92  6:53  Assimilator  
  88  7:03  Dark Templar  
  86  7:09  Disruptor  
  86  7:14  Probe (Chrono Boost)  
  78  7:20  Probe (Chrono Boost)  
  78  7:21  Probe (Chrono Boost)  
  76  7:23  Zealot x2, Stalker  
  76  7:24  Zealot, Stalker  
  76  7:26  Disruptor  
  79  7:33  Zealot x2  
  69  7:46  Stalker x2  
  69  7:47  Stalker  
  69  7:49  Probe (Chrono Boost)  
  69  7:51  Zealot x2  
  82  7:54  Probe (Chrono Boost), Stalker  
  82  7:55  Zealot  
  79  7:59  Probe (Chrono Boost)  
  79  8:00  Pylon  
  73  8:15  Adept x2  
  74  8:23  Stalker x2, Disruptor  
  74  8:25  Pylon  
  73  8:30  Probe (Chrono Boost)  
  50  8:44  Adept x2  
  50  8:47  Adept x2  
  50  8:54  Pylon  
Show
View Real Time Build Order
Export as new Build Order

BluE Protoss 

Build Orders:  

Get SALT Encoding   

Show
View Real Time Build Order
Export as new Build Order

AnDreJOO Protoss 

Build Orders:  

Get SALT Encoding   

Tags
 
Add a new tag
Caveats
  • Supply blocks, unpowered buildings, or Contaminate may cause inaccurate times.
  • Supply counts are checked every 10 seconds.